Map: Acid Plant LE

Players

Futureview - Winner!

  • Race: Terran Terran
  • League: Silver
  • Spawn Location: 5:00

Drakoz

  • Race: Zerg Zerg
  • Spawn Location: 11:00

VOD

Have the link to the VOD?

Description

Time

  • Played on: April 20, 2018, 7:20 p.m.
  • Length: 10:40
Show
View Real Time Build Order
Export as new Build Order

Futureview Terran - Winner!

Build Orders:  

Get SALT Encoding   

  12  0:01  SCV  
  13  0:14  SCV  
  13  0:17  Supply Depot  
  14  0:26  SCV  
  15  0:30  Refinery  
  15  0:39  SCV  
  16  0:48  Barracks  
  16  0:51  SCV  
  17  1:03  Refinery, SCV  
  18  1:15  SCV  
  19  1:27  SCV  
  20  1:43  Ghost Academy  
  20  1:47  Supply Depot  
  20  1:52  Barracks Tech Lab  
  20  1:53  Factory  
  20  2:04  Orbital Command  
  20  2:19  Ghost  
  22  2:33  SCV  
  23  2:42  Personal Cloaking  
  23  2:45  SCV  
  24  2:57  SCV  
  25  3:00  Widow Mine  
  27  3:07  Marine  
  29  3:31  SCV  
  30  3:36  Ghost  
  31  3:45  Supply Depot  
  31  4:02  Supply Depot  
  31  4:07  Widow Mine, SCV  
  31  4:08  Nuke, Ghost, Supply Depot  
  36  4:19  SCV  
  38  4:31  SCV  
  38  4:43  SCV  
  39  4:47  Factory Tech Lab  
  39  4:57  Command Center  
  39  5:07  Marine  
  43  5:21  Siege Tank  
  43  5:25  Marine  
  44  5:43  Marine  
  45  5:53  Siege Tank  
  46  6:41  Marine  
  47  6:59  Marine  
  46  7:17  Marine  
  47  7:23  Nuke  
  47  7:35  Marine  
  46  7:53  Marine  
  47  8:10  Marine  
  46  8:14  SCV  
  46  8:26  SCV  
  46  8:28  Marine  
  47  8:38  SCV  
  48  8:46  Ghost  
  50  8:49  Siege Tank  
  50  8:50  SCV  
  54  9:02  SCV  
  55  9:14  Ghost  
  57  9:21  Siege Tank  
  56  9:43  Marine  
  57  9:53  Siege Tank  
  60  10:01  Marine  
  56  10:19  Marine  
Show
View Real Time Build Order
Export as new Build Order

Drakoz Zerg 

Build Orders: Hatch First 

Get SALT Encoding   

  12  0:20  Overlord  
  12  0:24  Overlord  
  12  0:49  Hatchery  
  11  0:56  Drone x2  
  13  0:57  Drone  
  14  1:20  Spawning Pool  
  13  1:33  Drone  
  13  1:34  Drone  
  13  1:35  Drone  
  16  1:53  Extractor  
  15  2:00  Overlord x2  
  15  2:11  Zergling x2  
  15  2:12  Zergling x2  
  17  2:37  Zergling x6  
  17  2:38  Zergling x4  
  17  2:41  Zergling x2  
  23  3:03  Drone  
  23  3:04  Drone x3  
  25  3:37  Lair  
  25  4:20  Zergling x10  
  25  4:21  Zergling x2  
  31  4:59  Spire  
  24  5:28  Spore Crawler  
  22  5:35  Drone  
  22  5:36  Drone x5  
  23  5:47  Hatchery  
  22  6:19  Hatchery  
  22  6:21  Mutalisk  
  22  6:22  Mutalisk  
  5  6:33  Drone x2  
  5  6:34  Drone  
  3  7:11  Zergling x6  
  6  7:26  Drone x3  
  9  7:40  Drone  
  9  7:41  Drone x2  
  9  7:58  Zergling x4  
  11  8:05  Zergling x4  
  12  8:23  Drone x2  
  12  8:24  Drone  
  7  8:51  Drone x2  
  7  9:13  Spawning Pool  
  6  9:18  Drone x2  
  6  9:39  Hatchery  
  5  9:47  Extractor  
  4  10:03  Drone x2  
  4  10:04  Drone  
  7  10:20  Spore Crawler  
Tags
 
Composition
Ghosts
League
Silver
Matchup
TvZ
Spawn Locations
Cross Positions
Strategy
Cheese
Add a new tag
Caveats
  • Supply blocks, unpowered buildings, or Contaminate may cause inaccurate times.
  • Supply counts are checked every 10 seconds.